 Dungeon Crawl Stone Soup version 0.30.0-29-ga12c61a403 (webtiles) character file.

Game seed: 1102574643567592763

656 LynnLen the Covert (level 7, -3/32 HPs)
             Began as a Spriggan Enchanter on June 13, 2023.
             Slain by an ice beast (8 damage)
             ... on level 5 of the Dungeon.
             The game lasted 00:17:59 (4563 turns).

LynnLen the Covert (Spriggan Enchanter)             Turns: 4563, Time: 00:17:59

Health: -3/32      AC:  2    Str:  4    XL:     7   Next: 29%
Magic:  11/14      EV: 17    Int: 18    God:
Gold:   281        SH:  0    Dex: 16    Spells: 2/14 levels left

rFire   . . .        a - +1 dagger
rCold   . . .        (no shield)
rNeg    . . .        b - +0 robe
rPois   .            (helmet restricted)
rElec   .            (no cloak)
rCorr   .            (gloves unavailable)
SInv    +            (boots unavailable)
Will    +....        (no amulet)
Stlth   ++++         h - ring of wizardry
HPRegen 0.25/turn    (no ring)
MPRegen 0.14/turn

%: wizardry (x1)
@: very quick
A: very small, no large weapons, unfitting armour, see invisible, speed 3
a: no special abilities


You were on level 5 of the Dungeon.
You visited 1 branch of the dungeon, and saw 5 of its levels.

You collected 281 gold pieces.

Inventory:

Hand Weapons
 a - a +1 dagger (weapon)
 q - a +0 sling
 A - a +2 whip of venom
Missiles
 p - 42 stones
 w - 2 throwing nets
 x - 10 poisoned darts
Armour
 b - a +0 robe (worn)
Jewellery
 h - a ring of wizardry (left hand)
 B - a ring of flight
Wands
 l - a wand of flame (14)
Scrolls
 c - a scroll of enchant armour {unknown}
 d - 2 scrolls of summoning
 e - a scroll of amnesia {unknown}
 f - 3 scrolls of immolation
 g - 3 scrolls of poison
 k - a scroll of magic mapping {unknown}
 m - a scroll of identify
 s - a scroll of blinking {unknown}
 t - 2 scrolls of teleportation {unknown}
 v - 2 scrolls of vulnerability
 y - a scroll of fear
Potions
 i - 2 potions of magic
 j - a potion of lignification {unknown}
 n - 2 potions of resistance {unknown}
 o - 2 potions of brilliance {unknown}
 r - 3 potions of flight {unknown}
 u - 3 potions of curing
 z - 2 potions of might {unknown}
 C - a potion of degeneration {unknown}


   Skills:
 - Level 1.1 Short Blades
 - Level 2.6 Dodging
 + Level 9.8 Stealth
 + Level 4.1 Spellcasting
 * Level 0.5 Conjurations
 + Level 5.1 Hexes
 * Level 1.0 Transmutations
 - Level 2.5 Ice Magic
 * Level 0.3 Evocations


You had 2 spell levels left.
You knew the following spells:

 Your Spells              Type           Power      Damage    Failure   Level
a - Ensorcelled Hibernat  Hex/Ice        34%        N/A       1%          2
b - Confusing Touch       Hex            22%        N/A       2%          3
c - Tukima's Dance        Hex            22%        N/A       2%          3
d - Beastly Appendage     Tmut           14%        N/A       4%          1
e - Dazzling Flash        Conj/Hex       28%        N/A       5%          3

Your spell library contained the following spells:

 Spells                   Type           Power      Damage    Failure   Level
 Wereblood                Tmut           7%         N/A       6%          2
 Spider Form              Tmut/Pois      5%         N/A       14%         3


Dungeon Overview and Level Annotations

Branches:
Dungeon (5/15)
 Temple: D:4-7

Altars:


Innate Abilities, Weirdness & Mutations

You are very small and have problems with some larger weapons.
You are too small for most types of armour.
You have supernaturally acute eyesight. (SInv)
You cover ground extremely quickly. (Speed+++)


Message History

You barely miss the ice beast. The ice beast barely misses you.
You hit the ice beast but do no damage.
The ice beast appears confused.
The ice beast misses you.
Casting: Confusing Touch (dangerous; 2% risk of failure)
Confirm with . or Enter, or press ? or * to list all spells.
Aiming: Ensorcelled Hibernation (safe; 1% risk of failure)
Press: ? - help, Shift-Dir - straight line, f - adder
Aim: an adder (chance to affect: 59%)
The adder looks drowsy...
The ice beast barely misses you.
The helpless adder fails to defend itself.
You stick the adder like a pincushion!!!
You kill the adder!
The ice beast barely misses you.
Your Transmutations skill increases to level 1!
You hit the ice beast.
The ice beast is lightly wounded.
The ice beast closely misses you.
You hit the ice beast.
The ice beast is moderately wounded.
You catch the helpless ice beast completely off-guard!
You puncture the ice beast!
The ice beast is almost dead.
The ice beast completely misses you.
You hit the ice beast but do no damage.
The ice beast is almost dead.
The ice beast seems less confused.
The ice beast hits you. The ice beast freezes you!
You hit the ice beast but do no damage. Your punch misses the ice beast.
The ice beast is almost dead.
The ice beast closely misses you.
You hit the ice beast but do no damage.
The ice beast is almost dead.
The ice beast hits you. The ice beast freezes you!
* * * LOW HITPOINT WARNING * * *
You hit the ice beast but do no damage.
The ice beast is almost dead.
The ice beast hits you.
* * * LOW HITPOINT WARNING * * *
The ice beast freezes you!
You die...

##.......#.#.# ....#.#
#........#...# .......
........###..####........
....##..####..............
#...###..# ##.............
##..###..#####...........
#...##.................#
#.#########.....†Y.....##
..# ###..#@.......# ..#
#....##......# ..#
##..##....<..# ..#
##...#...#...# ..#
##..##..##.## ..#
##......#.##. ..# ###
##.....#.... ..#
#..##.........# ..#
#..........)..#


You could see an ice beast.

Vanquished Creatures
  Grinder (D:3)
  A black bear (D:4)
  A scorpion (D:4)
  2 hounds
  3 orc priests (D:4)
  An orc wizard (D:4)
  5 adders
  3 worms
  2 dart slugs
  8 orcs
  3 ball pythons
  9 endoplasms
  3 giant cockroaches
  9 goblins
  6 hobgoblins
  4 jackals (D:4)
  2 quokkas
  5 bats
  4 frilled lizards
  7 kobolds
  7 rats
86 creatures vanquished.

Vanquished Creatures (collateral kills)
  3 orcs (D:4)
3 creatures vanquished.

Vanquished Creatures (others)
  A dancing weapon (D:4)
1 creature vanquished.

Grand Total: 90 creatures vanquished

Notes
Turn   | Place    | Note
-------+----------+-------------------------------------------
     0 | D:1      | LynnLen the Spriggan Enchanter began the quest for the Orb.
     0 | D:1      | Reached XP level 1. HP: 9/9 MP: 5/5
   658 | D:1      | Reached XP level 2. HP: 11/13 MP: 6/6
   667 | D:1      | Learned a level 2 spell: Ensorcelled Hibernation
   822 | D:1      | Reached skill level 5 in Stealth
  1403 | D:2      | Reached XP level 3. HP: 16/16 MP: 8/8
  1875 | D:2      | Found a faded altar of an unknown god.
  2070 | D:3      | Reached skill level 6 in Stealth
  2096 | D:3      | Reached skill level 1 in Ice Magic
  2096 | D:3      | Reached XP level 4. HP: 21/21 MP: 6/9
  2486 | D:3      | Learned a level 3 spell: Confusing Touch
  2490 | D:3      | Learned a level 3 spell: Tukima's Dance
  2553 | D:3      | Noticed Grinder
  2581 | D:3      | Killed Grinder
  2582 | D:3      | Reached skill level 8 in Stealth
  2582 | D:3      | Reached XP level 5. HP: 18/24 MP: 9/11
  2582 | D:3      | Reached XP level 6. HP: 22/28 MP: 9/12
  3357 | D:4      | Reached skill level 9 in Stealth
  3497 | D:4      | Reached skill level 5 in Hexes
  3497 | D:4      | Reached XP level 7. HP: 32/32 MP: 8/13
  3499 | D:4      | Learned a level 1 spell: Beastly Appendage
  3503 | D:4      | Learned a level 3 spell: Dazzling Flash
  4144 | D:5      | Entered Level 5 of the Dungeon
  4556 | D:5      | Reached skill level 1 in Transmutations
  4563 | D:5      | Slain by an ice beast

Illustrated notes

Levels and vault maps discovered:
D:1:      dpeg_arrival_boxorama, layout_loops_cross
D:2:      layout_loops_ring, ebering_ecumenical_altar_webs
D:3:      layout_rooms, minmay_box_of_dots, uniq_grinder
D:4:      layout_basic, kennysheep_path_1
D:5:      layout_cave_pools, temple_hall, minmay_fractal_squares_5

Skill      XL: |  1  2  3  4  5  6  7 |
---------------+----------------------+-----
Hexes          | 4 5 |  5.1
Stealth        | 5 6 8 9 |  9.8
Spellcasting   | 3 4 |  4.1
Ice Magic      | 1 2 |  2.5
Transmutations | 1 |  1.0
Short Blades   | |  1.1
Dodging        | |  2.6
Conjurations   | |  0.5
Evocations     | |  0.3

Action                     |  1- 3 |  4- 6 |  7- 9 || total
---------------------------+-------+-------+-------++-------
  Melee: Dagger            |    62 |    74 |    36 ||   172
         Punch             |       |     1 |     1 ||     2
  Throw: Dart              |     5 |     6 |       ||    11
         Stone             |       |     1 |       ||     1
   Cast: Ensorcelled Hiber |     7 |    19 |    13 ||    39
         Tukima's Dance    |       |     1 |     3 ||     4
         Confusing Touch   |       |       |     2 ||     2
    Use: Scroll            |     3 |     5 |       ||     8
         Potion            |       |     2 |       ||     2
   Stab: Sleeping          |    23 |    30 |    11 ||    64
         Invisible         |       |     2 |       ||     2
         Confused          |       |       |     1 ||     1
 Armour: Robe              |     1 |     6 |     2 ||     9
  Dodge: Dodged            |    23 |    48 |    18 ||    89
